 Dungeon Crawl Stone Soup version 0.21.1-1-g345015f (webtiles) character file.

324 diana the Slasher (level 6, -5/55 HPs)
             Began as a Draconian Monk on July 8, 2018.
             Killed by divine providence
             ... invoked by an orc priest
              (14 damage)
             ... on level 4 of the Dungeon.
             The game lasted 00:05:20 (1935 turns).

diana the Slasher (Draconian Monk)                  Turns: 1935, Time: 00:05:20

Health: -5/55      AC:  6    Str: 15    XL:     6   Next: 23%
Magic:  6/6        EV: 13    Int: 11    God:
Gold:   141        SH:  0    Dex: 13    Spells: 5/5 levels left

rFire    . . .     SeeInvis .   a - +0 falchion
rCold    . . .     Gourm    .   (no shield)
rNeg     . . .     Faith    .   (armour unavailable)
rPois    .         Spirit   .   (helmet restricted)
rElec    .         Reflect  .   (no cloak)
rCorr    .         Harm     .   (no gloves)
MR       .....                  (no boots)
Stlth    ++........             (no amulet)
HPRegen  0.18/turn              (no ring)
MPRegen  0.10/turn              (no ring)

@: very slightly contaminated
A: unfitting armour, cold-blooded, AC +6
a: no special abilities


You were on level 4 of the Dungeon.
You were hungry.

You visited 1 branch of the dungeon, and saw 4 of its levels.

You collected 141 gold pieces.

Inventory:

Hand Weapons
 a - a +0 falchion (weapon)
Scrolls
 d - 2 scrolls of remove curse {unknown}
 f - a scroll of identify
 j - a scroll of immolation {unknown}
 k - 2 scrolls of teleportation {unknown}
 l - 2 scrolls of fear {unknown}
 m - 2 scrolls of blinking {unknown}
Potions
 e - a potion of flight
 i - 2 potions of mutation
Comestibles
 b - 4 rations


   Skills:
 + Level 4.9 Fighting
 * Level 5.6 Long Blades
 - Level 2.6 Dodging
 - Level 3.0 Stealth


You had 5 spell levels left.
You didn't know any spells.

Dungeon Overview and Level Annotations

Branches:
Dungeon (4/15)
 Temple: D:4-7

Altars:
Dithmenos
Elyvilon
Sif Muna
Xom


Innate Abilities, Weirdness & Mutations

Your plain brown scales are hard. (AC +6)
You cannot fit into any form of body armour.
You are cold-blooded and may be slowed by cold attacks.


Message History

You closely miss the adder.
The adder is heavily wounded.
The adder barely misses you. x2; You riposte.
You closely miss the adder.
The adder is heavily wounded.
You slash the adder!
You kill the adder!
The orc misses you.
You hit the orc.
You kill the orc!
You start resting.
An orc wizard comes into view. It is wielding an enchanted dagger.
An orc comes into view. It is wielding a flail.
You flicker for a moment.
An orc priest comes into view. It is wielding a hand axe.
You flicker back into view.
The orc priest shouts!
An orc and an orc priest come into view.
The orc priest mumbles some strange prayers to Beogh against you.
Beogh smites you!
You die...

####..............
.........#.####+#
###.....##..##.##.
#....<.###.....#
##(......####.###
###......<....# #
##...>.o.........
###................
#...o@(#..########.
#.o.#.##.# >...o
#....# .....#
#....# #.....#
#...## #.
o.....###...##...
#....##.......#.
#....#..........
#.?..#...###....


You could see 2 orc priests and 2 orcs.

Vanquished Creatures
  An ogre (D:3)
  A hound (D:4)
  3 orc wizards
  A worker ant (D:4)
  4 adders
  4 worms
  A dart slug (D:3)
  A leopard gecko (D:2)
  5 orcs
  A ball python (D:4)
  2 giant cockroaches
  4 goblins
  11 hobgoblins
  5 jackals (D:1)
  5 bats
  3 frilled lizards
  5 kobolds
  4 rats
61 creatures vanquished.

Vanquished Creatures (others)
  A rat (D:3)
1 creature vanquished.

Grand Total: 62 creatures vanquished

Notes
Turn   | Place    | Note
-------+----------+-------------------------------------------
     0 | D:1      | diana the Draconian Monk began the quest for the Orb.
     0 | D:1      | Reached XP level 1. HP: 19/19 MP: 1/1
   106 | D:1      | Reached XP level 2. HP: 21/26 MP: 2/2
   480 | D:2      | Found a shimmering altar of Xom.
   510 | D:2      | Reached XP level 3. HP: 18/31 MP: 3/3
   751 | D:2      | Found a deep blue altar of Sif Muna.
   775 | D:2      | Found a shadowy altar of Dithmenos.
   784 | D:2      | Reached skill level 4 in Long Blades
  1014 | D:3      | Reached XP level 4. HP: 24/40 MP: 4/4
  1203 | D:3      | Noticed an ogre
  1279 | D:3      | Killed an ogre
  1279 | D:3      | Reached XP level 5. HP: 29/46 MP: 5/5
  1344 | D:3      | Found a white marble altar of Elyvilon.
  1501 | D:3      | Reached skill level 5 in Long Blades
  1891 | D:4      | Reached XP level 6. HP: 13/53 MP: 6/6
  1935 | D:4      | Killed from afar by an orc priest

Skill      XL: |  1  2  3  4  5 |
---------------+----------------+-----
Stealth        | 2 3 |  3.0
Long Blades    | 4 5 |  5.6
Fighting       | 4 |  4.9
Dodging        | |  2.6

Action                   |  1- 3 |  4- 6 || total
-------------------------+-------+-------++-------
Melee: Falchion          |   108 |    90 ||   198
       Tailslap          |    15 |    14 ||    29
  Use: Potion            |     3 |     4 ||     7
       Scroll            |       |     2 ||     2
 Stab: Sleeping          |     6 |     3 ||     9
  Eat: Chunk             |       |     3 ||     3
Armor: Skin              |    32 |    29 ||    61
Dodge: Dodged            |    92 |    78 ||   170
       Rpst.: Falchion   |    30 |    20 ||    50
